 Dungeon Crawl Stone Soup version 0.21-a0-394-gdc75ea7 (webtiles) character file.

2 theanonym the Digger (level 1, 0/10 HPs)
             Began as a Gargoyle Earth Elementalist on Oct 18, 2017.
             Slain by a gnoll
             ... wielding a +0 club
              (6 damage)
             ... on level 1 of the Dungeon.
             The game lasted 00:00:41 (63 turns).

theanonym the Digger (Gargoyle Earth Elementalist)    Turns: 63, Time: 00:00:41

Health: 0/10       AC:  4    Str: 11    XL:     1   Next: 40%
Magic:  0/3        EV: 12    Int: 15    God:
Gold:   0          SH:  0    Dex: 10    Spells: 3/4 levels left

rFire    . . .     SeeInvis .   (no weapon)
rCold    . . .     Gourm    .   (no shield)
rNeg     + + .     Faith    .   c - +0 robe
rPois    ∞         Spirit   .   (no helmet)
rElec    +         Reflect  .   (no cloak)
rCorr    .         Harm     .   (no gloves)
MR       .....                  (no boots)
Stlth    ++........             (no amulet)
HPRegen  0.03/turn              a - ring of positive energy
MPRegen  0.08/turn              (no ring)

@: no status effects
A: negative energy resistance 1, electricity resistance, unbreathing,
petrification resistance, rot immunity, AC +2
a: no special abilities


You were on level 1 of the Dungeon.
You were not hungry.

You visited 1 branch of the dungeon, and saw 1 of its levels.

Inventory:

Hand Weapons
 f - a +0 dagger
   (You found it on level 1 of the Dungeon)
Missiles
 b - 24 stones (quivered)
Armour
 c - a +0 robe (worn)
Jewellery
 a - a ring of positive energy (left hand)
   (You found it on level 1 of the Dungeon)
Books
 e - a book of Geomancy

   Spells                             Type                      Level
   a - Sandblast                      Earth                        1
   b - Passwall                       Transmutation/Earth          2
   c - Stone Arrow                    Conjuration/Earth            3
   d - Petrify                        Transmutation/Earth          4
   e - Lee's Rapid Deconstruction     Earth                        5
Comestibles
 d - a bread ration


   Skills:
 + Level 0.2 Fighting
 - Level 1.5 Dodging
 - Level 2.1 Stealth
 + Level 2.0 Spellcasting
   Level 0.7 Transmutations
 + Level 3.7 Earth Magic


You had 3 spell levels left.
You knew the following spells:

 Your Spells              Type           Power        Failure   Level  Hunger
a - Sandblast             Erth           ##....       4%          1    #......


Dungeon Overview and Level Annotations

Branches:
Dungeon (1/15)

Altars:


Innate Abilities, Weirdness & Mutations

You are resistant to torment.
Your stone body is resilient. (AC +2)
You are immune to poison.
You resist negative energy. (rN+)
You are resistant to electric shocks. (rElec)
You can survive without breathing.
You are immune to petrification.
You are immune to rotting.


Message History

Welcome, theanonym the Gargoyle Earth Elementalist.
The bosom of this dungeon contains the fabled artefact, the Orb of Zot.
Found a notched marble ring.
Found two stairs.
Unknown command.
a - a notched marble ring Put on which piece of jewellery? (? for menu, Esc to quit)
a - a ring of positive energy (left hand)
f - a dagger A kobold comes into view.
The kobold shouts!
The kobold moves out of view.
The kobold throws a stone.
The stone closely misses you.
You hear a splash.
A kobold is nearby!
A kobold is nearby!
A kobold is nearby!
Really attack barehanded? [Y]es or [N]o only, please.
Really attack barehanded? [Y]es or [N]o only, please.
Really attack barehanded? [Y]es or [N]o only, please.
Really attack barehanded?
Okay, then.
Unknown command.
Aim: a kobold The blast of sand hits the kobold.
You kill the kobold!
b - 29 stones You hear an angry hiss.
A leopard gecko and a gnoll come into view.
You now have 2/3 mp.
Aim: a leopard gecko The blast of sand hits the leopard gecko.
You kill the leopard gecko!
b - 28 stones The gnoll shouts!
You now have 1/3 mp.
Really attack barehanded?
Okay, then.
Really attack barehanded?
Okay, then.
Aim: a gnoll, wielding a club The blast of sand misses the gnoll.
b - 27 stones You now have 1/3 mp.
Aim: a gnoll, wielding a club The blast of sand misses the gnoll.
b - 26 stones
* * * LOW MAGIC WARNING * * *
You now have 0/3 mp.
You don't have enough magic to cast that spell.
The gnoll hits you with a club.
You take 4 damage, and have 6/10 hp.
MASSIVE DAMAGE!!
Found a murky black potion.
Aim: a gnoll, wielding a club The blast of sand hits the gnoll.
b - 25 stones
* * * LOW MAGIC WARNING * * *
The gnoll misses you.
You now have 0/3 mp.
Found a stone staircase leading down.
Things that are here:
4 stones; a kobold corpse
Aim: a gnoll, wielding a club (lightly wounded)
The blast of sand hits the gnoll.
b - 24 stones
* * * LOW MAGIC WARNING * * *
The gnoll hits you with a club.
Ouch! That really hurt!
You die...

#..≈≈≈≈..####..≈§≈§§
#.≈≈≈≈≈≈......≈.≈§§§
#.≈≈≈≈≈≈......≈§§>≈≈
#.≈≈≈≈≈≈......≈§≈§≈≈
#..≈≈≈≈...##...§≈≈≈.
##.......####.......
####..#######..######
#...g.....>...##
#...@........#
#............
#............
..............
................
................
.....#########. .....


You could see a gnoll.

Vanquished Creatures
  A leopard gecko (D:1)
  A kobold (D:1)
2 creatures vanquished.

Notes
Turn   | Place    | Note
-------+----------+-------------------------------------------
     0 | D:1      | theanonym the Gargoyle Earth Elementalist began the quest for the Orb.
     0 | D:1      | Reached XP level 1. HP: 10/10 MP: 3/3
    63 | D:1      | Slain by a gnoll

Vault maps used:
D:1:      dpeg_arrival_pits

Action                   || total
-------------------------++-------
 Cast: Sandblast         ||     6
Dodge: Dodged            ||     2

Table legend:
 A = Spawn XP
 B = Non-spawn XP
 C = Spawn XP percentage of total XP
 D = Spawn monster count
 E = Non-spawn monster count
 F = Spawn count percentage of total count
 G = Total turns spent on level
                    A         B        C        D         E        F      G
               +---------+---------+-------+---------+---------+-------+---------
         Total |       0 |       4 |   0.0 |       0 |       2 |   0.0 |    63
               +---------+---------+-------+---------+---------+-------+---------
           D:1 |       0 |       4 |   0.0 |       0 |       2 |   0.0 |    63
               +---------+---------+-------+---------+---------+-------+---------
